 Dungeon Crawl Stone Soup version 0.29.1-1-gd02db6906a (webtiles) character file.

Game seed: 9179408031087857703

121 Sanktem7 the Trooper (level 4, -1/42 HPs)
             Began as a Minotaur Fighter on Oct 2, 2022.
             Slain by a gnoll
             ... wielding a +0 flail
              (10 damage)
             ... on level 2 of the Dungeon.
             The game lasted 00:01:21 (1547 turns).

Sanktem7 the Trooper (Minotaur Fighter)             Turns: 1547, Time: 00:01:21

Health: -1/42      AC:  6    Str: 22    XL:     4   Next: 76%
Magic:  3/3        EV:  9    Int:  5    God:
Gold:   79         SH:  4    Dex: 10    Spells: 3/3 levels left

rFire   . . .      SeeInvis .   a - +0 war axe {axe}
rCold   . . .      Faith    .   c - +0 buckler
rNeg    . . .      Spirit   .   b - +0 scale mail
rPois   .          Reflect  .   (helmet restricted)
rElec   .          Harm     .   (no cloak)
rCorr   .          Rampage  .   (no gloves)
Will    .....                   (no boots)
Stlth   ..........              (no amulet)
HPRegen 0.14/turn               (no ring)
MPRegen 0.08/turn               (no ring)

@: no status effects
A: horns 2, retaliatory headbutt
a: no special abilities


You were on level 2 of the Dungeon.
You visited 1 branch of the dungeon, and saw 2 of its levels.

You collected 79 gold pieces.


Innate Abilities, Weirdness & Mutations

You have a pair of horns on your head.
You reflexively headbutt those who attack you in melee.


   Skills:
 * Level 5.4 Fighting
 * Level 4.6 Axes
 - Level 3.6 Armour
 - Level 3.6 Shields


You had 3 spell levels left.
You didn't know any spells.
Your spell library was empty.

Inventory:

Hand Weapons
 a - a +0 war axe (weapon) {axe}
 f - a +3 dagger {short}
   (You took it off a kobold on level 1 of the Dungeon)
 m - the +7 falchion of Fury {flame, Fly Will- Dex+5, long}
   (You found it on level 2 of the Dungeon)

   It burns those it strikes, dealing additional fire damage.
   Big, fiery blades are also staple armaments of hydra-hunters.
   Dex:       It affects your dexterity (+5).
   Fly:       It grants you flight.
   Will:      It decreases your willpower.
Missiles
 g - 17 stones (quivered) {throwing}
Armour
 b - a +0 scale mail (worn)
 c - a +0 buckler (worn)
Jewellery
 j - a ring of ice
   (You found it on level 1 of the Dungeon)
 n - a ring of resist corrosion
   (You found it on level 2 of the Dungeon)
Scrolls
 k - a scroll of blinking {unknown}
 o - a scroll of magic mapping {unknown}
Potions
 d - a potion of might
 e - 2 potions of heal wounds {unknown}
 h - a potion of curing {unknown}
 i - a potion of attraction {unknown}
 l - a potion of haste {unknown}

Dungeon Overview and Level Annotations

Branches:
Dungeon (2/15) Zot: 10425

Altars:

#...........
##..
#.##########
.#.. #...# ...
######.# #..
#≈~≈≈#.# ##..
###~≈~≈#.# )..
#.'≈~≈~'.#
#r##.#~≈~≈###
#gg@.#≈~≈≈#
......b#########
?#...#. ##. #b
.. .. .# .. ##.
..


You could see 2 gnolls, a bat and a rat.


Message History

Key pressed, stopping explore.
You open the door.
Found a faded altar of an unknown god.
There is an open door here.
There is an open door here.
There is a stone staircase leading down here.
There is a stone staircase leading up here.
Key pressed, stopping explore.
o - a scroll labelled GEODEH QICWI
Found a stone staircase leading down.
Natasha, Servant of Life and Death comes into view.
Natasha hisses angrily.
You slash Natasha! Natasha claws you but does no damage.
You closely miss Natasha.
Natasha stares at you and mumbles some strange words.
The magic dart hits you.
Natasha mumbles some strange words.
Natasha shimmers violently.
You block Natasha's attack. 😕 HP[-4]
You take 4 damage, and now have 38/42 hp.
You closely miss Natasha. You headbutt Natasha. Natasha barely misses you.
You slash Natasha!
You kill Natasha!
Natasha growls in agony!
No target in view!
No target in view!
No target in view!
No target in view!
No target in view!
No target in view!
No target in view!
No target in view!
No target in view!
No target in view!
No target in view!
No target in view!
You open the door.
There is an open door here.
You enter the shallow water.
Moving in this stuff is going to be slow.
As you open the door, it creaks loudly!
You hear a shout! x3 😎 HP[+4]
Your hp is fully restored (42).
An adder comes into view.
A bat comes into view.
The adder moves out of view.
There is an open door here.
A bat is nearby!
The bat barely misses you.
You barely miss the bat. The bat hits you but does no damage.
The bat barely misses you. The bat hits you but does no damage.
A gnoll comes into view. It is wielding a +0 whip.
The bat barely misses you.
You closely miss the bat.
You block the bat's attack. 2 gnolls come into view.
The gnoll shouts! x2
The bat hits you but does no damage. You block the adder's attack.
The gnoll hits you but does no damage.
You hit the gnoll. You barely miss the adder. The adder bites you.
The gnoll hits you with a +0 whip. The adder barely misses you. 😕 HP[-7]
You take 7 damage, and now have 35/42 hp.
You closely miss the gnoll. You hit the adder but do no damage.
The bat hits you but does no damage. The adder closely misses you.
The gnoll hits you with a +0 whip. The adder misses you.
You are too injured to fight recklessly! 😮 HP[-5]
You take 5 damage, and now have 30/42 hp.
You are too injured to fight recklessly!
You are too injured to fight recklessly!
You are too injured to fight recklessly!
You are too injured to fight recklessly!
There are monsters nearby!
You are too injured to fight recklessly!
The adder attacks as you move away! The adder barely misses you.
You furiously retaliate!
You headbutt the adder! 😮 HP[+1]
You slash the gnoll!
You kill the gnoll!
The bat barely misses you.
A rat comes into view.
You miss the adder. You headbutt the adder.
You kill the adder!
The bat completely misses you.
You closely miss the gnoll.
You headbutt the gnoll, but do no damage.
The gnoll hits you with a +0 flail! 😮 HP[-7]
You take 7 damage, and now have 24/42 hp.
You hit the gnoll. The gnoll hits you with a +0 flail.
* * * LOW HITPOINT WARNING * * *
The gnoll hits you with a +0 flail!
* * * LOW HITPOINT WARNING * * *
😱 HP[-16]
You take 16 damage, and now have 8/42 hp.
MASSIVE DAMAGE!! (PAUSE)
You closely miss the gnoll. You headbutt the gnoll.
The gnoll closely misses you.
You hit the gnoll but do no damage. The gnoll hits you with a +0 flail!
You die...

Skill      XL: |  1  2  3 |
---------------+----------+-----
Fighting       | 4 5 |  5.4
Axes           | 3 4 |  4.6
Armour         | |  3.6
Shields        | |  3.6

Action                   |  1- 3 |  4- 6 || total
-------------------------+-------+-------++-------
Melee: War axe           |    52 |    17 ||    69
       Headbutt          |     6 |     4 ||    10
Armor: Scale mail        |    28 |     8 ||    36
Dodge: Dodged            |    11 |    11 ||    22
Block: Buckler           |     9 |     4 ||    13

Levels and vault maps discovered:
D:1:      psy_arrival_statuary, layout_basic, minmay_misc_feat_secret_circle
D:2:      layout_basic, nicolae_ecumenical_lake_church,
          chequers_serial_rivers_room_b, minmay_misc_feat_room,
          hangedman_decor_clover_reticule, uniq_natasha, uniq_crazy_yiuf_cottage

Notes
Turn   | Place    | Note
-------+----------+-------------------------------------------
     0 | D:1      | Sanktem7 the Minotaur Fighter began the quest for the Orb.
     0 | D:1      | Reached XP level 1. HP: 19/19 MP: 0/0
     0 | D:1      | magus.rc [v1.9.6]
   226 | D:1      | Reached skill level 4 in Fighting
   226 | D:1      | Reached XP level 2. HP: 21/27 MP: 1/1
   227 | D:1      | Reached skill level 3 in Axes
   706 | D:1      | Reached XP level 3. HP: 22/34 MP: 2/2
  1158 | D:2      | Reached skill level 4 in Axes
  1173 | D:2      | Reached skill level 5 in Fighting
  1173 | D:2      | Reached XP level 4. HP: 31/42 MP: 3/3
  1264 | D:2      | Identified the +7 falchion of Fury {flame, Fly Will- Dex+5}
  1388 | D:2      | Found a faded altar of an unknown god.
  1478 | D:2      | Noticed Natasha
  1484 | D:2      | Killed Natasha
  1545 | D:2      | HP: 8/42 [gnoll/+0 flail (11)]
  1547 | D:2      | Slain by a gnoll

Vanquished Creatures
  Natasha (D:2)
  4 gnolls (D:2)
  2 adders (D:2)
  2 dart slugs (D:1)
  2 bats (D:1)
  5 endoplasms
  2 giant cockroaches (D:1)
  A hobgoblin (D:2)
  4 ball pythons
  2 frilled lizards (D:1)
  7 goblins
  3 kobolds (D:1)
  4 rats (D:1)
39 creatures vanquished.

Table legend:
 A = Non-vault XP
 B = Vault XP
 C = Vault XP percentage of total XP
 D = Non-vault monster count
 E = Vault monster count
 F = Vault count percentage of total count
                 A         B        C        D         E       F
            +---------+---------+-------+---------+---------+-------
      Total |     137 |      36 |  20.8 |      38 |       1 |   2.6
            +---------+---------+-------+---------+---------+-------
        D:1 |      47 |       0 |   0.0 |      28 |       0 |   0.0
        D:2 |      90 |      36 |  28.6 |      10 |       1 |   9.1
            +---------+---------+-------+---------+---------+-------

Illustrated notes

Table legend:
 A = Kills in this place as a percentage of kills in entire the game.
 B = Kills by you in this place as a percentage of kills by you in the entire game.
 C = Kills by friends in this place as a percentage of kills by friends in the entire game.
 D = Other kills in this place as a percentage of other kills in the entire game.
 E = Experience gained in this place as a percentage of experience gained in the entire game.
 F = Experience gained in this place divided by the number of levels of this place that you have seen.
                   A       B       C       D       E      F
               +-------+-------+-------+-------+-------+----------------------
         Total | 100.0 | 100.0 |   N/A |   N/A | 100.0 |  86.5
       Dungeon | 100.0 | 100.0 |   N/A |   N/A | 100.0 |  86.5
               +-------+-------+-------+-------+-------+----------------------

Table legend: (Time is in decaauts)
 A = Elapsed time spent in this place.
 B = Non-inter-level travel time spent in this place.
 C = Inter-level travel time spent in this place.
 D = Time resting spent in this place.
 E = Time spent auto-exploring this place.
 F = Levels seen in this place.
 G = Mean time per level.
                   A        B        C        D        E       F      G
               +--------+--------+--------+--------+--------+-----+--------+
         Total |   1573 |   1563 |     10 |      0 |   1362 |   2 |  786.5 |
       Dungeon |   1573 |   1563 |     10 |      0 |   1362 |   2 |  786.5 |
               +--------+--------+--------+--------+--------+-----+--------+

Top non-repeatable levels by time:
     D:1: 1114 daAuts
     D:2: 459 daAuts
